 Dungeon Crawl Stone Soup version 0.17.1-3-g152610e (webtiles) character file.

3634 nikopol the Spear-Bearer (level 10, -7/90 HPs)
             Began as a Hill Orc Berserker on Apr 18, 2016.
             Was an Elder of Trog.
             Shot with an arrow by a centaur (10 damage)
             ... on level 9 of the Dungeon.
             The game lasted 00:26:04 (8822 turns).

nikopol the Spear-Bearer (Hill Orc Berserker)       Turns: 8822, Time: 00:26:05

Health: -7/90      AC: 10    Str: 21    XL:     10   Next: 11%
Magic:  10/10      EV: 14    Int:  7    God:    Trog [****..]
Gold:   500        SH:  0    Dex: 13    Spells: 0 memorised, 9 levels left

rFire  . . .     SeeInvis .     n - +0 spear (pierce)
rCold  . . .     Clarity  .     j - +0 leather armour
rNeg   . . .     SustAt   .     (no shield)
rPois  .         Gourm    .     r - +2 helmet
rElec  .         Spirit   .     y - +0 cloak
rCorr  .         Warding  .     A - +0 pair of gloves
rMut   .         Rnd*Tele +     (no boots)
MR     .....                    (no amulet)
Stlth  +.........               C - ring of invisibility
                                F - ring of teleportation (curse)

@: exhausted, slowed, very slow, not resistant to hostile enchantments, very
unstealthy
A: no striking features
a: Berserk, Trog's Hand, Brothers in Arms, Burn Spellbooks, Renounce Religion,
Evoke Invisibility, Evoke Teleportation


You were on level 9 of the Dungeon.
You worshipped Trog.
Trog was greatly pleased with you.
You were hungry.

You visited 1 branch of the dungeon, and saw 9 of its levels.

You collected 500 gold pieces.

Inventory:

Hand Weapons
 a - a +0 hand axe
 n - a +0 spear of piercing (weapon)
 u - a cursed +0 trident
Missiles
 L - 2 tomahawks (quivered)
Armour
 b - a +0 animal skin
 j - a +0 leather armour (worn)
 r - a +2 helmet (worn)
 y - a +0 cloak (worn)
 A - a +0 pair of gloves (worn)
Jewellery
 o - an uncursed ring of flight
 C - a ring of invisibility (right hand)
 F - a cursed ring of teleportation (left hand)
 K - an uncursed ring of poison resistance {unknown}
 P - an uncursed ring of poison resistance {unknown}
 V - a +6 ring of slaying {unknown}
Wands
 w - a wand of frost (19)
 I - a wand of polymorph (5)
 O - a wand of random effects (36)
 Q - a wand of enslavement (12)
 S - a wand of polymorph (13)
 T - a wand of slowing (25)
Scrolls
 g - 2 scrolls of noise
 h - 6 scrolls of identify {unknown}
 i - 4 scrolls of enchant armour {unknown}
 l - 3 scrolls of enchant weapon {unknown}
 m - 2 scrolls of blinking {unknown}
 p - 4 scrolls of remove curse {unknown}
 t - 2 scrolls of amnesia {unknown}
 v - 4 scrolls of teleportation {unknown}
 B - a scroll of fog {unknown}
 G - a scroll of immolation {unknown}
 N - a scroll of recharging {unknown}
 R - a scroll of magic mapping {unknown}
Potions
 e - 3 potions of might
 f - 2 potions of lignification {unknown}
 k - a potion of heal wounds {unknown}
 q - 5 potions of curing {unknown}
 s - 2 potions of magic {unknown}
 x - 3 potions of haste
 z - 2 potions of degeneration {unknown}
 D - a potion of invisibility {unknown}
 E - a potion of flight {unknown}
Books
 W - a book of Changes

   Spells                             Type                      Level
   a - Beastly Appendage              Transmutation                1
   b - Sticks to Snakes               Transmutation                2
   c - Spider Form                    Transmutation/Poison         3
   d - Ice Form                       Ice/Transmutation            4
   e - Blade Hands                    Transmutation                5
   Trog disapproves of the use of such an item.
Comestibles
 c - 10 bread rations
 d - 12 fruits
 H - 8 beef jerkies
 J - a slice of pizza
 M - 5 meat rations
 U - 3 chunks of flesh


   Skills:
 + Level 8.4 Fighting
 - Level 4.1(8.2) Axes
 + Level 9.3(9.6) Polearms
 + Level 7.6 Armour
 + Level 5.6 Dodging


You had 9 spell levels left.
You didn't know any spells.

Dungeon Overview and Level Annotations

Branches:
Dungeon (9/15)             Temple (0/1) D:7
   Lair: D:8-11         Orc: D:9-12

Altars:
Fedhas
Gozag
Kikubaaqudgha
Makhleb
Xom
Yredelemnul
Zin

Shops:
D:5 =


Message History

The centaur shoots an arrow of dispersal.
The arrow of dispersal hits you!
* * * LOW HITPOINT WARNING * * *
You blink.
A shadow imp comes into view.
You are no longer berserk.
You pass out from exhaustion.
You feel yourself slow down.
You are feeling hungry.
The shadow imp shouts, "Give up, thou paunchy clapper-clawed giglet!"
The wight hits you but does no damage.
The centaur shoots an arrow of dispersal.
The arrow of dispersal hits you!
* * * LOW HITPOINT WARNING * * *
You blink.
You can move again.
The centaur shoots an arrow.
The arrow barely misses you.
The shadow imp hits you but does no damage.
The centaur shoots an arrow.
The arrow hits you!
You die...

.........#.(.....#.....
.......l..#(...%..#.....
..>.........# ....#
............# .. #...#
............# ...##....
............# ......hT.
...c?.......# .........
.........5..+ .........
.........@..# ...##....
####.<..(.# . #....
#......# ...... #[.....#
...$.... #.(.z..#
........
#########..z...#
........
#.......[..z...#
........
#..............#
#...........:..#


You could see a centaur, an iguana, 3 wights and a shadow imp.

Vanquished Creatures
  A troll (D:9)
  A two-headed ogre (D:7)
  A water moccasin (D:6)
  The ghost of Sl000nik the Firebug, an amateur GrFE (D:3)
  4 phantoms
  3 ice beasts
  5 ogres
  A necrophage (D:7)
  3 centaurs
  3 giant frogs
  3 killer bees (D:8)
  A wight (D:8)
  3 scorpions
  A giant frog zombie (D:6)
  A crimson imp (D:7)
  A centaur zombie (D:7)
  Crazy Yiuf (D:4)
  2 giant frog skeletons
  A hound (D:6)
  6 orc priests
  6 orc wizards
  3 iguanas
  12 worker ants
  A hound zombie (D:6)
  Robin (D:2)
  4 gnolls
  10 adders
  2 shadow imps
  An adder zombie (D:7)
  2 giant geckos (D:5)
  20 orcs
  7 bats
  8 giant cockroaches
  7 hobgoblins
  8 jackals
  8 quokkas
  2 ball pythons
  8 giant newts
  13 goblins
  2 kobolds
  A quokka skeleton (D:5)
  4 rats
173 creatures vanquished.

Notes
Turn   | Place    | Note
--------------------------------------------------------------
     0 | D:1      | nikopol the Hill Orc Berserker began the quest for the Orb.
     0 | D:1      | Reached XP level 1. HP: 19/19 MP: 1/1
   423 | D:1      | Reached XP level 2. HP: 27/27 MP: 2/2
   972 | D:2      | Noticed Robin
   991 | D:2      | Reached skill level 1 in Polearms
   991 | D:2      | Reached XP level 3. HP: 33/33 MP: 3/3
   994 | D:2      | Killed Robin
  1000 | D:2      | Reached ** piety under Trog
  1121 | D:2      | Found a burning altar of Makhleb.
  1189 | D:2      | Found an opulent altar of Gozag.
  1346 | D:2      | Found a glowing silver altar of Zin.
  1346 | D:2      | Noticed an Executioner
  1347 | D:2      | Noticed an angel
  1385 | D:3      | Reached XP level 4. HP: 40/40 MP: 4/4
  1396 | D:3      | Noticed Sl000nik's ghost (amateur GrFE)
  1414 | D:3      | Killed Sl000nik's ghost
  1414 | D:3      | Reached XP level 5. HP: 45/47 MP: 5/5
  1939 | D:3      | Reached XP level 6. HP: 27/53 MP: 6/6
  1940 | D:3      | Reached *** piety under Trog
  2594 | D:4      | Reached skill level 5 in Fighting
  2843 | D:4      | Reached XP level 7. HP: 41/61 MP: 7/7
  2990 | D:4      | Noticed Crazy Yiuf
  2998 | D:4      | Killed Crazy Yiuf
  3088 | D:5      | Entered Level 5 of the Dungeon
  3171 | D:5      | Reached skill level 5 in Polearms
  3292 | D:5      | Found a shimmering altar of Xom.
  3544 | D:5      | Found Poatyty's Jewellery Shop.
  4256 | D:5      | Reached **** piety under Trog
  4256 | D:5      | Reached XP level 8. HP: 66/70 MP: 8/8
  4408 | D:6      | Reached skill level 6 in Polearms
  4408 | D:6      | Reached skill level 5 in Armour
  5610 | D:6      | Reached skill level 7 in Polearms
  5914 | D:7      | Reached XP level 9. HP: 68/78 MP: 9/9
  6347 | D:7      | Found a staircase to the Ecumenical Temple.
  6498 | D:7      | Reached skill level 8 in Polearms
  6788 | D:7      | Found an ancient bone altar of Kikubaaqudgha.
  6789 | D:7      | Found a blossoming altar of Fedhas.
  7285 | D:8      | Reached skill level 5 in Dodging
  7734 | D:8      | Reached skill level 9 in Polearms
  8593 | D:8      | Reached XP level 10. HP: 88/88 MP: 10/10
  8604 | D:8      | Found a basalt altar of Yredelemnul.
  8820 | D:9      | HP: 2/90 [centaur/arrow of dispersal (11)]
  8822 | D:9      | Shot with an arrow by a centaur

Action                   |  1- 3 |  4- 6 |  7- 9 | 10-12 || total
-------------------------+-------+-------+-------+-------++-------
Melee: Hand axe          |    11 |       |       |       ||    11
       Spear             |    75 |   172 |   849 |    36 ||  1132
Throw: Tomahawk          |       |       |     4 |     2 ||     6
Invok: Berserk           |     1 |     1 |     6 |     1 ||     9
       Trog's Hand       |       |       |     1 |       ||     1
  Use: Scroll            |       |       |       |     1 ||     1
 Stab: Sleeping          |       |       |     3 |       ||     3
  Eat: Chunk             |     2 |     6 |    25 |     2 ||    35
